 Dungeon Crawl Stone Soup version 0.22.0-6-g71bd7aa (webtiles) character file.

600 Amnesiac the Magician (level 7, 0/46 HPs)
             Began as a Mummy Air Elementalist on Aug 15, 2018.
             Was a Follower of Dithmenos.
             Slain by Edmund
             ... wielding a +3 dire flail of protection
              (15 damage)
             ... on level 4 of the Dungeon.
             The game lasted 00:13:57 (3819 turns).

Amnesiac the Magician (Mummy Air Elementalist)      Turns: 3819, Time: 00:13:58

Health: 0/46       AC:  7    Str: 11    XL:     7   Next: 18%
Magic:  3/15       EV: 11    Int: 17    God:    Dithmenos [*.....]
Gold:   130        SH:  0    Dex: 12    Spells: 12/17 levels left

rFire    . . .     SeeInvis .   a - +2 quarterstaff (chaos)
rCold    + . .     Gourm    .   (shield currently unavailable)
rNeg     + + +     Faith    .   f - +2 leather armour {rF+}
rPois    ∞         Spirit   .   (no helmet)
rElec    .         Reflect  .   p - +0 cloak (curse)
rCorr    .         Harm     .   o - +0 pair of gloves
MR       .....                  (no boots)
Stlth    ++........             (no amulet)
HPRegen  0.15/turn              (no ring)
MPRegen  0.14/turn              (no ring)

@: wreathed by umbra
A: no food or potions, fire vulnerability, cold resistance 1, negative energy
resistance 3, torment resistance, unbreathing
a: Renounce Religion


You were on level 4 of the Dungeon.
You worshipped Dithmenos.
Dithmenos was aware of your devotion.
You were not hungry.

You visited 2 branches of the dungeon, and saw 6 of its levels.

You collected 130 gold pieces.

Inventory:

Hand Weapons
 a - a +2 quarterstaff of chaos (weapon)
 b - a +3 blowgun
Missiles
 h - 10 poisoned needles
Armour
 f - a +2 leather armour of fire resistance (worn)
 o - a +0 pair of gloves (worn)
 p - a cursed +0 cloak (worn)
 r - a +2 robe of magic resistance
Wands
 k - a wand of random effects (46)
Scrolls
 c - a scroll of amnesia {!r}
 d - a scroll of blinking {!r}
 e - 7 scrolls of remove curse {!r}
 g - 2 scrolls of teleportation {!r}
 m - 2 scrolls of magic mapping {!r}
 n - a scroll of immolation {!r}


   Skills:
 - Level 1.5 Dodging
 - Level 1.5 Stealth
 + Level 5.8 Spellcasting
 - Level 0.7 Conjurations
 * Level 5.8 Air Magic


You had 12 spell levels left.
You knew the following spells:

 Your Spells              Type           Power        Failure   Level  Hunger
a - Shock                 Conj/Air       ###.         4%          1    N/A
d - Airstrike             Air            ####......   16%         4    N/A

Your spell library contained the following spells:

 Spells                   Type           Power        Failure   Level  Hunger
 Lightning Bolt           Conj/Air       ###.......   77%         5    N/A
 Swiftness                Chrm/Air       ###.....     8%          2    N/A
 Static Discharge         Conj/Air       ###.....     13%         3    N/A

Dungeon Overview and Level Annotations

Branches:
Dungeon (5/15)             Temple (1/1) D:5

Altars:
Ashenzari
Dithmenos
Elyvilon
Fedhas
Gozag
Kikubaaqudgha
Nemelex Xobeh
Qazlal
Ru
Trog
Uskayaw
Vehumet
Wu Jian
Xom
Yredelemnul
Zin
The Shining One

Shops:
D:5 }

Annotations:
D:4 exclusion: door, Edmund
D:5 1 exclusion


Innate Abilities, Weirdness & Mutations

You do not eat or drink.
Your flesh is vulnerable to fire.
You are immune to poison.
Your flesh is cold resistant. (rC+)
You are immune to negative energy. (rN+++)
You are immune to unholy pain and torment.
You can survive without breathing.


Message History

Grinder gestures at you.
You suddenly lose the ability to move!
Grinder hits you.
You can move again.
Unknown command.
Unknown command.
You hit Grinder.
Grinder is almost dead.
Grinder blinks!
There is a stone staircase leading up here.
Grinder gestures at you. You resist with some effort.
Casting: Airstrike (slightly dangerous; 21% risk of failure)
Confirm with . or Enter, or press ? or * to list all spells.
Aiming: Shock (safe; 5% risk of failure)
Press: ? - help, Shift-Dir - straight line, f/p - Grinder
Aim: Grinder (almost dead)
You miscast Shock.
You are very lightly contaminated with residual magic.
Ouch! You feel a sudden electric shock.
Grinder blinks!
Casting: Shock (safe; 5% risk of failure)
Confirm with . or Enter, or press ? or * to list all spells.
Aiming: Shock (safe; 5% risk of failure)
Press: ? - help, Shift-Dir - straight line, p - Grinder The zap misses Grinder. x2; Grinder blinks!
Unknown command.
Grinder gestures at you. You resist with some effort.
Casting: Shock (safe; 5% risk of failure)
Confirm with . or Enter, or press ? or * to list all spells.
Aiming: Shock (safe; 5% risk of failure)
Press: ? - help, Shift-Dir - straight line, f - Grinder
Aim: Grinder (almost dead)
The zap misses Grinder.
You closely miss Grinder.
Grinder is almost dead.
Grinder hits you.
You hit Grinder. You burn Grinder.
Grinder is almost dead.
Grinder hits you.
* * * LOW HITPOINT WARNING * * *
You hit Grinder. Lightning courses through Grinder!
You kill Grinder!
Dithmenos accepts your kill.
You have reached level 7!
You start resting.
Your magical contamination has completely faded away.
You start resting.
Edmund is too close now for your liking.
Edmund shouts!
Edmund zaps a wand.
You easily resist.
Press: ? - help, v - describe, . - travel
Here: Edmund, wielding a dire flail of protection, wearing a leather armour and carrying a wand of polymorph (3)
The floor.
Unknown command.
Edmund hits you with a dire flail of protection.
* * * LOW HITPOINT WARNING * * *
Edmund hits you with a dire flail of protection!
* * * LOW HITPOINT WARNING * * *
Edmund zaps a wand.
There is a stone staircase leading up here.
Edmund hits you with a dire flail of protection!
You die...

#######.####
##...###.######
#...............
#............... ..
###..#######.##.
...###..### #
..........#
..........#
........@@#
..........#
##..##..###. ### ###
#..###..####+## ..#
...............#
..#.@
............>@..#
###.# .#
########..#####'##
###.##.#
#############..######
#.......
#...................#


You could see Edmund.

Vanquished Creatures
  Grinder (D:4)
  Sigmund (D:3)
  A water moccasin skeleton (D:5)
  Crazy Yiuf (D:2)
  Natasha (thrice) (D:2)
  A worker ant (D:4)
  An adder (D:3)
  3 worms
  3 dart slugs
  3 orcs (D:4)
  5 giant cockroaches
  6 goblins
  6 hobgoblins
  8 kobolds
  8 bats
  9 frilled lizards
  A quokka skeleton (D:4)
  5 rats
66 creatures vanquished.

Notes
Turn   | Place    | Note
-------+----------+-------------------------------------------
     0 | D:1      | Amnesiac the Mummy Air Elementalist began the quest for the Orb.
     0 | D:1      | Reached XP level 1. HP: 13/13 MP: 4/4
   283 | D:4      | Noticed an orc priest
   323 | D:3      | Noticed Sigmund
   377 | D:3      | Reached XP level 2. HP: 8/19 MP: 0/5
   567 | D:4      | Reached XP level 3. HP: 15/24 MP: 1/7
   745 | D:5      | Entered Level 5 of the Dungeon
   953 | D:4      | Noticed Edmund
  1148 | D:5      | Found Kaorch's Gadget Shop.
  1186 | D:5      | Reached XP level 4. HP: 22/30 MP: 0/9
  1203 | D:5      | Learned a level 4 spell: Airstrike
  1265 | D:5      | Found a staircase to the Ecumenical Temple.
  1272 | Temple   | Entered the Ecumenical Temple
  1299 | Temple   | Became a worshipper of Dithmenos the Shadowed
  2292 | D:2      | Noticed Natasha
  2304 | D:2      | Killed Natasha
  2304 | D:2      | Reached XP level 5. HP: 20/35 MP: 4/11
  2497 | D:2      | Found a runed door.
  2620 | D:2      | Found an ancient bone altar of Kikubaaqudgha.
  2847 | D:2      | Noticed Natasha
  2855 | D:2      | Killed Natasha
  2855 | D:2      | Reached * piety under Dithmenos
  3021 | D:2      | Noticed Natasha
  3047 | D:2      | Killed Natasha
  3258 | D:2      | Noticed Crazy Yiuf
  3261 | D:2      | Killed Crazy Yiuf
  3386 | D:3      | Found a faded altar of an unknown god.
  3559 | D:3      | Killed Sigmund
  3559 | D:3      | Reached skill level 5 in Spellcasting
  3559 | D:3      | Reached skill level 5 in Air Magic
  3559 | D:3      | Reached XP level 6. HP: 23/41 MP: 4/13
  3750 | D:4      | Noticed Grinder
  3779 | D:4      | Paralysed by Grinder for 2 turns
  3801 | D:4      | Killed Grinder
  3801 | D:4      | Reached XP level 7. HP: 23/46 MP: 0/15
  3819 | D:4      | Slain by Edmund

Skill      XL: |  1  2  3  4  5 |
---------------+----------------+-----
Spellcasting   | 3 4 5 |  5.8
Air Magic      | 3 4 5 |  5.8
Dodging        | |  1.5
Stealth        | |  1.5
Conjurations   | |  0.7

Action                   |  1- 3 |  4- 6 |  7- 9 || total
-------------------------+-------+-------+-------++-------
Melee: Unarmed           |     3 |       |       ||     3
       Quarterstaff      |       |     5 |       ||     5
 Fire: Blowgun           |    12 |    63 |       ||    75
 Cast: Shock             |    51 |    57 |       ||   108
       Airstrike         |       |    10 |       ||    10
  Use: Scroll            |     2 |    11 |       ||    13
Armor: Robe              |     8 |     2 |       ||    10
       Leather armour    |       |     4 |       ||     4
Dodge: Dodged            |    50 |    35 |       ||    85
